Map: Lerilak Crest

Players

Dayshi - Winner!

  • Race: Terran Terran
  • League: Grandmaster

LiquidMaNa (MaNa)

  • Race: Protoss Protoss
  • League: Grandmaster

Event: Homestory Cup XII

VOD

Have the link to the VOD?

Description

Time

  • Played on: Dec. 19, 2015, 4:44 p.m.
  • Length: 10:51

All games in this series

Show
View Real Time Build Order
Export as new Build Order

Dayshi Terran - Winner!

Build Orders:  

Get SALT Encoding   

  12  0:00  SCV  
  13  0:12  SCV  
  14  0:17  Supply Depot  
  14  0:25  SCV  
  15  0:38  SCV  
  15  0:40  Barracks  
  16  0:43  Refinery  
  16  0:50  SCV  
  17  1:03  SCV  
  18  1:15  SCV  
  19  1:27  Barracks Reactor, Orbital Command  
  19  1:40  Command Center  
  19  1:48  Supply Depot  
  19  1:53  SCV  
  20  2:03  Marine x2  
  22  2:09  Factory  
  22  2:12  SCV  
  23  2:18  Refinery  
  23  2:22  Marine x2  
  25  2:25  SCV  
  26  2:37  SCV  
  27  2:40  Marine x2  
  29  2:49  SCV  
  30  2:52  Factory Tech Lab, Orbital Command  
  30  2:57  Marine  
  30  2:58  Marine  
  32  3:03  SCV  
  32  3:10  Cyclone  
  35  3:15  Starport  
  35  3:19  Marine x2  
  37  3:21  SCV  
  37  3:24  SCV  
  39  3:33  SCV  
  40  3:37  Marine x2  
  41  3:43  SCV  
  41  3:45  SCV  
  43  3:55  SCV  
  43  3:57  SCV  
  41  4:05  Marine x2  
  41  4:07  SCV, Widow Mine  
  46  4:16  Supply Depot, Raven  
  46  4:17  SCV  
  49  4:19  SCV  
  49  4:21  Supply Depot  
  48  4:26  Barracks  
  48  4:29  SCV  
  45  4:31  SCV  
  45  4:34  Marine x2  
  45  4:40  Factory Tech Lab  
  45  4:41  SCV  
  45  4:43  Barracks  
  46  4:51  SCV  
  46  4:52  Marine x2  
  47  4:53  SCV  
  47  4:55  Bunker  
  47  4:58  Siege Tank  
  51  5:04  Liberator  
  51  5:06  Engineering Bay  
  51  5:10  Marine x2  
  53  5:18  Marine  
  49  5:28  Marine x2  
  49  5:35  Marine  
  50  5:36  Marine  
  50  5:39  SCV  
  43  5:45  Marine  
  43  5:46  Marine  
  43  5:48  Siege Tank  
  42  5:51  SCV  
  42  5:52  Orbital Command  
  42  5:53  Marine  
  42  5:54  Marine  
  41  6:03  Marine  
  38  6:09  SCV  
  37  6:20  Siege Tank  
  40  6:29  Combat Shields  
  40  6:30  Marine  
  40  6:31  Marine  
  42  6:34  Marine  
  42  6:35  SCV, Liberator  
  44  6:40  SCV  
  44  6:44  Marine  
  46  6:48  Marine x2  
  46  6:49  SCV  
  46  6:52  Marine  
  53  6:55  SCV  
  54  7:02  Marine  
  54  7:03  SCV  
  54  7:06  Marine  
  54  7:07  SCV  
  52  7:15  SCV  
  51  7:17  Marine  
  51  7:18  Marine  
  51  7:20  SCV  
  51  7:21  Marauder  
  56  7:24  Marine  
  56  7:26  Siege Tank  
  56  7:27  SCV  
  61  7:32  Refinery  
  61  7:35  Marine  
  62  7:37  Terran Infantry Weapons Level 1  
  62  7:38  SCV  
  62  7:39  SCV  
  62  7:40  Marine  
  62  7:42  Marauder  
  65  7:54  SCV x2  
  65  7:58  Marine x3  
  65  8:01  Stimpack  
  65  8:03  Marauder  
  69  8:06  SCV  
  68  8:15  SCV  
  68  8:16  Marine  
  70  8:22  SCV  
  70  8:23  Supply Depot  
  70  8:24  Refinery, Barracks  
  70  8:25  Marauder  
  73  8:27  Medivac  
  73  8:31  Marine  
  73  8:32  Factory Reactor  
  76  8:35  Marauder  
  78  8:44  Marine  
  78  8:46  Marauder  
  81  8:52  Marine  
  81  8:53  SCV  
  81  8:54  SCV  
  84  8:56  Marauder  
  86  9:06  Marine  
  86  9:07  Marauder  
  86  9:12  SCV  
  86  9:18  Barracks Reactor  
  86  9:28  Supply Depot  
  86  9:30  Supply Depot  
  86  9:43  Marine  
  86  9:45  SCV, Marine  
  86  9:49  Marauder, Widow Mine x2, Medivac, Marine  
  90  9:56  Marine  
  87  10:01  Marine  
  87  10:04  Marauder  
  87  10:06  Marine  
  87  10:10  Marine  
  87  10:11  Marauder  
  90  10:14  Marine  
  90  10:19  Marine  
  90  10:24  Marine  
  90  10:25  Marauder  
  90  10:30  Marine  
Show
View Real Time Build Order
Export as new Build Order

LiquidMaNa Protoss 

Build Orders:  

Get SALT Encoding   

  12  0:00  Probe (Chrono Boost)  
  13  0:11  Probe (Chrono Boost)  
  14  0:16  Pylon  
  14  0:21  Probe (Chrono Boost)  
  15  0:35  Probe (Chrono Boost)  
  16  0:36  Gateway  
  16  0:45  Probe (Chrono Boost)  
  16  0:47  Assimilator  
  17  0:56  Probe (Chrono Boost)  
  18  1:06  Probe (Chrono Boost)  
  18  1:07  Assimilator  
  19  1:17  Probe (Chrono Boost)  
  20  1:25  Cybernetics Core  
  20  1:27  Probe (Chrono Boost)  
  21  1:38  Probe (Chrono Boost)  
  22  1:42  Pylon  
  22  1:48  Probe (Chrono Boost)  
  23  2:02  Mothership Core (Chrono Boost)  
  23  2:03  Adept  
  23  2:04  Warp Gate (Chrono Boost)  
  27  2:19  Nexus  
  27  2:23  Probe (Chrono Boost)  
  28  2:37  Robotics Facility  
  28  2:40  Probe  
  28  2:46  Adept  
  30  2:55  Pylon  
  30  2:59  Probe  
  31  3:14  Probe  
  32  3:23  Gateway  
  32  3:28  Immortal (Chrono Boost)  
  36  3:37  Pylon  
  34  4:00  Probe  
  34  4:02  Probe, Immortal (Chrono Boost)  
  35  4:09  Adept  
  36  4:15  Mothership Core  
  38  4:18  Stalker  
  32  4:37  Adept  
  32  4:45  Adept  
  34  4:49  Probe  
  34  4:57  Adept  
  36  5:04  Adept  
  36  5:26  Adept x2  
  36  5:27  Observer  
  33  5:52  Adept  
  33  5:53  Adept  
  31  6:03  Probe x2  
  27  6:15  Probe x2 (Chrono Boost)  
  28  6:23  Observer  
  29  6:26  Probe x2 (Chrono Boost)  
  29  6:30  Pylon  
  31  6:33  Stalker  
  31  6:36  Probe (Chrono Boost)  
  31  6:37  Probe (Chrono Boost)  
  35  6:41  Stalker  
  37  6:47  Probe x2 (Chrono Boost)  
  39  6:57  Stalker  
  39  6:58  Probe x2 (Chrono Boost)  
  43  7:08  Probe x2 (Chrono Boost)  
  41  7:19  Probe x2 (Chrono Boost)  
  41  7:20  Adept x2  
  45  7:23  Observer (Chrono Boost)  
  45  7:27  Probe (Chrono Boost)  
  46  7:30  Probe  
  47  7:38  Probe  
  47  7:42  Probe  
  51  7:45  Adept  
  51  7:48  Probe  
  51  7:49  Adept  
  45  8:02  Gateway  
  45  8:03  Gateway  
  45  8:07  Sentry, Mothership Core  
  47  8:13  Stalker  
  47  8:15  Assimilator  
  49  8:25  Pylon  
  49  8:31  Stalker  
  51  8:35  Adept  
  53  8:53  Robotics Facility  
  53  8:54  Adept x2, Pylon x2  
  57  8:56  Pylon  
  52  9:14  Adept x4  
  57  9:29  Pylon  
  57  9:31  Pylon  
  53  9:46  Stalker  
  53  9:48  Adept  
  53  9:49  Adept x2  
  53  9:52  Immortal  
  49  10:07  Stalker  
  49  10:12  Stalker  
  49  10:13  Zealot x2  
  49  10:32  Stalker  
Tags
 
Add a new tag
Caveats
  • Supply blocks, unpowered buildings, or Contaminate may cause inaccurate times.
  • Supply counts are checked every 10 seconds.